[Event "Team 45 45 League T53"]
[Site "Internet Chess Club"]
[Date "2012.06.02"]
[Round "3"]
[White "rayonline53"]
[Black "Signalman"]
[Result "1-0"]
[WhiteElo "1545"]
[BlackElo "1516"]
[Opening "Philidor: Hanham variation"]
[ECO "C41"]
[Time "04:35:40"]
[TimeControl "2700+45"]

1. e4 d6 2. Nf3 e5 3. d4 Nd7 4. Bc4 Ngf6 5. Nc3 Be7 6. h3 O-O 7. Be3 c6 8. O-O
b6 9. Qe2 Qc7 10. Rfd1 Bb7 11. d5 Rad8 12. Rd2 Nc5 13. Bxc5 dxc5 14. Rad1 Bd6
15. Nh4 b5 16. dxc6 Bxc6 17. Bxb5 Be7 18. Nf5 Bxb5 19. Nxe7+ Qxe7 20. Nxb5 Rxd2
21. Rxd2 Qb7 22. f3 a6 23. Nc3 Qb6 24. Na4 Qc6 25. b3 Nd7 26. Rd5 f6 27. Qc4 Rc8
28. Rd6+ {Black resigns} 1-0

[Event "Team 45 45 League T53"]
[Site "Internet Chess Club"]
[Date "2012.06.01"]
[Round "3"]
[White "Killian"]
[Black "PandorasBox"]
[Result "1/2-1/2"]
[WhiteElo "2041"]
[BlackElo "1854"]
[Opening "French: Tarrasch, closed variation, main line"]
[ECO "C06"]
[Time "05:07:51"]
[TimeControl "2700+45"]

1. e4 e6 2. d4 d5 3. Nd2 Nf6 4. e5 Nfd7 5. Bd3 c5 6. c3 Nc6 7. Ne2 cxd4 8. cxd4
Qb6 9. Nf3 f6 10. exf6 Nxf6 11. O-O Bd6 12. a3 O-O 13. b4 e5 14. dxe5 Nxe5 15.
Nxe5 Bxe5 16. Be3 Qd8 17. Bd4 Bxh2+ 18. Kxh2 Ng4+ 19. Kg3 Qg5 20. f4 Rxf4 21.
Nxf4 Ne3+ 22. Kh2 Nxd1 23. Raxd1 {Game drawn by mutual agreement} 1/2-1/2

[Event "Team 45 45 League T53"]
[Site "Internet Chess Club"]
[Date "2012.06.03"]
[Round "3"]
[White "prideofandhra"]
[Black "creditordebit"]
[Result "0-1"]
[WhiteElo "1600"]
[BlackElo "1959"]
[Opening "Sicilian: Alapin's variation (2.c3)"]
[ECO "B22"]
[Time "16:01:13"]
[TimeControl "2700+45"]

1. e4 c5 2. c3 d6 3. d4 Nf6 4. Bd3 g6 5. Nf3 Bg7 6. h3 O-O 7. O-O Nbd7 8. Be3 e5
9. Nbd2 cxd4 10. cxd4 exd4 11. Bxd4 Nc5 12. Bc2 Be6 13. b4 Ncd7 14. Ng5 Ne5 15.
Nxe6 fxe6 16. Bb3 Qe7 17. a3 Nh5 18. Rc1 Nf4 19. Bxe5 Bxe5 20. Nc4 Qg5 21. Qf3
Rf7 22. Nxe5 Qxe5 23. Rc2 Raf8 24. Rfc1 Kg7 25. Kf1 d5 26. exd5 Nxd5 27. Qd3
Ne3+ 28. Kg1 Nxc2 29. Rxc2 Qa1+ 30. Kh2 Rxf2 31. Rxf2 Rxf2 32. Qd7+ Kh6 33. Qxe6
Qf6 34. Qe3+ Qf4+ 35. Qxf4+ Rxf4 36. Kg3 Rd4 37. Bc2 Rd2 38. Be4 b6 39. a4 Rd4
40. Bc6 Rxb4 41. Bb5 a5 42. Kf3 Kg5 43. Kg3 Rxb5 44. axb5 a4 {White resigns} 0-1

[Event "Team 45 45 League T53"]
[Site "Internet Chess Club"]
[Date "2012.06.01"]
[Round "3"]
[White "KyleMayhugh"]
[Black "mellizas2003"]
[Result "0-1"]
[WhiteElo "1571"]
[BlackElo "1674"]
[Opening "French: Tarrasch, closed variation, main line"]
[ECO "C06"]
[Time "13:00:40"]
[TimeControl "2700+45"]

1. e4 e6 2. d4 d5 3. Nd2 Nf6 4. e5 Nfd7 5. Bd3 c5 6. c3 Nc6 7. Ne2 cxd4 8. cxd4
f6 9. exf6 Nxf6 10. Nf3 Bd6 11. O-O O-O 12. Bg5 Bd7 13. a3 h6 14. Bh4 e5 15.
dxe5 Nxe5 16. Nxe5 Bxe5 17. Rb1 Bxh2+ 18. Kxh2 Ng4+ 19. Kg3 g5 20. Bxg5 Qxg5 21.
f4 Rxf4 22. Rxf4 Ne3+ 23. Kf3 Nxd1 24. Rxd1 Re8 25. g3 Qe5 26. Nc3 Bh3 27. Nxd5
Qxd5+ 28. Kf2 Qg2# {White checkmated} 0-1